 Dungeon Crawl Stone Soup version 0.29-a0-11-ga75d3d97ab (webtiles) character file.

Game seed: 15186842051703730659

330 testman the Ruffian (level 6, -3/62 HPs)
             Began as a Troll Monk on Jan 28, 2022.
             Was a High Priest of Dithmenos.
             Slain by a lemure (8 damage)
             ... led by Pikel
             ... on level 4 of the Dungeon.
             The game lasted 00:06:43 (1964 turns).

testman the Ruffian (Troll Monk)                    Turns: 1964, Time: 00:06:44

Health: -3/62      AC:  4    Str: 22    XL:     6   Next: 26%
Magic:  7/7        EV: 10    Int:  6    God:    Dithmenos [*****.]
Gold:   162        SH:  0    Dex: 12    Spells: 5/5 levels left

rFire   + . .      SeeInvis .     - Unarmed
rCold   . . .      Faith    .   (no shield)
rNeg    . . .      Spirit   .   a - +0 robe
rPois   .          Reflect  .   (helmet restricted)
rElec   .          Harm     .   l - scarf {repulsion}
rCorr   .          Rampage  .   (gloves unavailable)
Will    .....                   (boots unavailable)
Stlth   ++........              (no amulet)
HPRegen 1.00/turn               d - ring of wizardry
MPRegen 0.10/turn               s - ring of protection from fire

@: wreathed by umbra, repel missiles
A: large, unfitting armour, claws 3, regeneration 1, shaggy fur 1, tough skin 1
a: Renounce Religion, Shadow Step, Shadow Form


You were on level 4 of the Dungeon.
You worshipped Dithmenos.
Dithmenos was extremely pleased with you.
You visited 1 branch of the dungeon, and saw 4 of its levels.

You collected 162 gold pieces.

Inventory:

Missiles
 i - 79 stones (quivered)
Armour
 a - a +0 robe (worn)
 l - a scarf of repulsion (worn)
Jewellery
 d - a ring of wizardry (left claw)
 s - a ring of protection from fire (right claw)
Wands
 q - a wand of flame (13)
Scrolls
 b - a scroll of enchant armour {unknown}
 c - 3 scrolls of immolation {unknown}
 g - a scroll of noise {unknown}
 h - a scroll of vulnerability {unknown}
 j - 2 scrolls of enchant weapon {unknown}
 k - 2 scrolls of identify {unknown}
 n - 4 scrolls of magic mapping {unknown}
 p - 2 scrolls of teleportation {unknown}
 t - a scroll of amnesia {unknown}
Potions
 e - 2 potions of degeneration {unknown}
 f - a potion of flight {unknown}
 m - a potion of heal wounds {unknown}
 o - 2 potions of might {unknown}
 r - a potion of curing {unknown}


   Skills:
 + Level 4.0 Fighting
 - Level 2.4 Dodging
 - Level 1.0 Stealth
 + Level 4.8 Unarmed Combat
 + Level 2.8 Invocations


You had 5 spell levels left.
You didn't know any spells.
Your spell library was empty.

Dungeon Overview and Level Annotations

Branches:
Dungeon (4/15)
 Temple: D:4-7

Altars:
Ashenzari
Cheibriados
Dithmenos
Wu Jian
Yredelemnul

Annotations:
D:4 Pikel


Innate Abilities, Weirdness & Mutations

You are too large for most types of armour.
You have claws for hands.
Your natural rate of healing is unusually fast.
You are covered in fur. (AC +1)
You have tough skin. (AC +1)


Message History

The ball python barely misses you.
You are too injured to fight recklessly!
You are too injured to fight recklessly!
You are too injured to fight recklessly!
You are too injured to fight recklessly!
You are too injured to fight recklessly!
You are too injured to fight recklessly!
You are too injured to fight recklessly!
You are too injured to fight recklessly!
You are too injured to fight recklessly!
You are too injured to fight recklessly!
You are too injured to fight recklessly!
You are too injured to fight recklessly!
You are too injured to fight recklessly!
You are too injured to fight recklessly!
You are too injured to fight recklessly!
You are too injured to fight recklessly!
You are too injured to fight recklessly!
You are too injured to fight recklessly!
You are too injured to fight recklessly!
You are too injured to fight recklessly!
You are too injured to fight recklessly!
You barely miss Pikel.
Pikel is heavily wounded.
The lemure closely misses you. The lemure barely misses you.
The ball python closely misses you.
Pikel hits you with a +0 whip of flaming.
Pikel burns you.
* * * LOW HITPOINT WARNING * * *
You scratch Pikel.
Pikel is heavily wounded.
The lemure hits you.
* * * LOW HITPOINT WARNING * * *
The lemure closely misses you. The ball python barely misses you.
Pikel hits you with a +0 whip of flaming!
* * * LOW HITPOINT WARNING * * *
Pikel burns you.
* * * LOW HITPOINT WARNING * * *
The lemure hits you!
You die...

.. .# .# #... . . .### ##....
#####..... # .... ##.....#
##.......... # .... .#......#
##K........... ## ....
........####S.5..........##. ....
...........@5(....... ..... .##
#...........5......## ####.. .#
#........#........#.##.#... .#
.#.....†.##..........>......
.#.............#.............#...
..............####.###..#...###..
#.............###..#.#..###.##...
##..............##........#..##.#
#............#..............###..


You could see Pikel, 2 lemures, an ufetubus and a ball python.

Vanquished Creatures
  2 lemures (D:4)
  A bullfrog skeleton (D:3)
  2 orc priests (D:4)
  A hound skeleton (D:4)
  6 gnolls
  5 adders
  A shadow imp (D:3)
  2 adder skeletons (D:4)
  2 worms (D:4)
  2 dart slugs
  11 orcs
  4 ball pythons
  2 bats
  5 endoplasms
  4 giant cockroaches
  7 goblins
  4 hobgoblins
  16 jackals
  A quokka (D:1)
  7 frilled lizards
  8 kobolds
  8 rats
101 creatures vanquished.

Vanquished Creatures (others)
  4 toadstools (D:4)
4 creatures vanquished.

Grand Total: 105 creatures vanquished

Notes
Turn   | Place    | Note
-------+----------+-------------------------------------------
     0 | D:1      | testman the Troll Monk began the quest for the Orb.
     0 | D:1      | Reached XP level 1. HP: 22/22 MP: 0/0
    44 | D:1      | Found a faded altar of an unknown god.
    52 | D:1      | Prayed at the altar of an unknown god.
    52 | D:1      | Became a worshipper of Dithmenos the Shadowed
    52 | D:1      | Reached * piety under Dithmenos
    52 | D:1      | Reached ** piety under Dithmenos
   103 | D:1      | Reached XP level 2. HP: 29/29 MP: 1/1
   121 | D:1      | Reached *** piety under Dithmenos
   271 | D:1      | Reached XP level 3. HP: 35/37 MP: 2/2
   730 | D:2      | Reached skill level 1 in Invocations
   852 | D:2      | Reached XP level 4. HP: 41/45 MP: 3/3
  1019 | D:2      | Reached **** piety under Dithmenos
  1281 | D:3      | Reached XP level 5. HP: 42/53 MP: 5/5
  1594 | D:3      | Found a broken altar of Ashenzari.
  1704 | D:4      | Reached XP level 6. HP: 55/62 MP: 6/6
  1751 | D:4      | Reached ***** piety under Dithmenos
  1808 | D:4      | Found a snail-covered altar of Cheibriados.
  1808 | D:4      | Found an ornate altar of the Wu Jian Council.
  1809 | D:4      | Found a basalt altar of Yredelemnul.
  1947 | D:4      | Noticed Pikel
  1962 | D:4      | HP: 3/62 [Pikel (2)]
  1964 | D:4      | Slain by a lemure

Illustrated notes

Levels and vault maps discovered:
D:1:      psy_arrival_conway, layout_rooms, ebering_ecumenical_altar_rust,
          palyth_stone_intersect, st_stairs_6, minmay_pentomino_s2
D:2:      layout_rooms, chequers_serial_rivers_marsh
D:3:      layout_rooms, lemuel_coloured_pillars_altar
D:4:      layout_cave_pools, chequers_temple_overflow_statue_of_worship,
          minmay_gold_behind_fungi, uniq_pikel

Skill      XL: |  1  2  3  4  5  6 |
---------------+-------------------+-----
Fighting       | 3 4 |  4.0
Invocations    | 1 2 |  2.8
Unarmed Combat | 4 |  4.8
Dodging        | |  2.4
Stealth        | |  1.0

Action                   |  1- 3 |  4- 6 || total
-------------------------+-------+-------++-------
Melee: Unarmed           |   154 |   163 ||   317
       Punch             |     3 |     2 ||     5
 Stab: Sleeping          |     2 |     4 ||     6
Armor: Robe              |    59 |    32 ||    91
Dodge: Dodged            |   148 |   120 ||   268

Table legend: (Time is in decaauts)
 A = Elapsed time spent in this place.
 B = Non-inter-level travel time spent in this place.
 C = Inter-level travel time spent in this place.
 D = Time resting spent in this place.
 E = Time spent auto-exploring this place.
 F = Levels seen in this place.
 G = Mean time per level.
                   A        B        C        D        E       F      G
               +--------+--------+--------+--------+--------+-----+--------+
         Total |   1947 |   1900 |     47 |      0 |   1277 |   4 |  486.8 |
       Dungeon |   1947 |   1900 |     47 |      0 |   1277 |   4 |  486.8 |
               +--------+--------+--------+--------+--------+-----+--------+

Top non-repeatable levels by time:
     D:1: 671 daAuts
     D:3: 539 daAuts
     D:2: 413 daAuts
     D:4: 322 daAuts
